 Dungeon Crawl Stone Soup version 0.22.0-40-g68aacdc (webtiles) character file.

247 inc the Conjurer (level 5, -2/35 HPs)
             Began as a Mummy Fire Elementalist on Sept 1, 2018.
             Killed by divine providence
             ... invoked by an orc priest
              (16 damage)
             ... on level 4 of the Dungeon.
             The game lasted 00:07:59 (4253 turns).

inc the Conjurer (Mummy Fire Elementalist)          Turns: 4253, Time: 00:07:59

Health: -2/35      AC:  5    Str: 12    XL:     5   Next: 85%
Magic:  10/10      EV: 12    Int: 15    God:
Gold:   225        SH:  0    Dex: 12    Spells: 3/11 levels left

rFire    x . .     SeeInvis .   a - +2 dagger (vamp)
rCold    + . .     Gourm    .   (no shield)
rNeg     + + +     Faith    .   l - +0 robe
rPois    ∞         Spirit   .   (no helmet)
rElec    .         Reflect  .   f - +0 cloak
rCorr    .         Harm     .   e - +0 pair of gloves
MR       .....                  i - +0 pair of boots
Stlth    ++........             (no amulet)
HPRegen  0.11/turn              (no ring)
MPRegen  0.12/turn              (no ring)

@: no status effects
A: no food or potions, fire vulnerability, cold resistance 1, negative energy
resistance 3, torment resistance, unbreathing
a: no special abilities


You were on level 4 of the Dungeon.
You were not hungry.

You visited 1 branch of the dungeon, and saw 4 of its levels.

You collected 225 gold pieces.

Inventory:

Hand Weapons
 a - a +2 vampiric dagger (weapon)
 b - a +0 blowgun
 c - a +0 dagger
 r - the +2 long sword of Nitaogav {slice, rF- rN+++ Str+3 Dex+4}
   (You found it on level 4 of the Dungeon)

   It inflicts extra damage upon your enemies.
   It affects your strength (+3).
   It affects your dexterity (+4).
   It makes you vulnerable to fire.
   It renders you almost immune to negative energy.
Missiles
 m - 6 poisoned needles
Armour
 e - a +0 pair of gloves (worn)
 f - a +0 cloak (worn)
 i - a +0 pair of boots (worn)
 k - a +0 buckler
 l - a +0 robe (worn)
Jewellery
 d - an uncursed ring of ice
Scrolls
 g - a scroll of enchant weapon
 h - 2 scrolls of fog {unknown}
 j - 2 scrolls of teleportation
 n - a scroll of noise
 o - a scroll of immolation
 p - a scroll of blinking
 q - a scroll of remove curse {unknown}


   Skills:
 - Level 1.5 Dodging
 - Level 1.5 Stealth
 + Level 3.7 Spellcasting
 + Level 4.1 Conjurations
 + Level 3.0 Fire Magic


You had 3 spell levels left.
You knew the following spells:

 Your Spells              Type           Power        Failure   Level  Hunger
a - Flame Tongue          Conj/Fire      ##...        4%          1    N/A
b - Conjure Flame         Conj/Fire      ##......     13%         3    N/A
c - Sticky Flame          Conj/Fire      ##......     38%         4    N/A

Your spell library contained the following spells:

 Spells                   Type           Power        Failure   Level  Hunger
 Throw Flame              Conj/Fire      ##....       6%          2    N/A
 Inner Flame              Hex/Fire       #.......     30%         3    N/A
 Fireball                 Conj/Fire      ##........   75%         5    N/A

Dungeon Overview and Level Annotations

Branches:
Dungeon (4/15)
 Temple: D:4-7

Altars:
Gozag
Sif Muna
Beogh

Annotations:
D:3 2 transporters


Innate Abilities, Weirdness & Mutations

You do not eat or drink.
Your flesh is vulnerable to fire.
You are immune to poison.
Your flesh is cold resistant. (rC+)
You are immune to negative energy. (rN+++)
You are immune to unholy pain and torment.
You can survive without breathing.


Message History

Found a wand of flame (24).
There is an open door here.
You open the door. 2 orc priests come into view.
The orc priest shouts!
You hear a shout!
Found a ration and 16 gold pieces.
Found a roughly hewn altar of Beogh.
Which direction?
There is an open door here.
You close the door.
Something unseen opens the door.
The orc priest mumbles some strange prayers to Beogh against you.
Beogh smites you!
The orc priest invokes the aid of Beogh against you.
Beogh smites you!
There is an open door here.
Found 11 gold pieces.
There is a stone staircase leading down here.
The orc priest calls down the wrath of Beogh upon you.
Beogh smites you!
You die...

# #.....#./# # #.....##'#
# #....## %.# # #....#
o8.# ######..o.# .o.#
.........o# .8.# ..$
..........## _.######...
...........#####........
...........#....@.......
#'####.....#..##...##...
#....#....oo..##...#
#....+.....#.[.....#
#....#.....#.......# ####
.....#.....#..##...# .....
#....#.....#####...##.....
#....#.........#..........
.....#.........#..........


You could see 2 orc priests.

Vanquished Creatures
  An orc priest (D:3)
  A worker ant (D:4)
  6 gnolls
  3 adders
  An adder skeleton (D:4)
  3 worms
  A dart slug (D:2)
  4 leopard geckos
  7 orcs (D:3)
  4 giant cockroaches
  2 goblins
  11 hobgoblins
  12 jackals
  A quokka (D:3)
  A ball python (D:1)
  6 bats
  5 frilled lizards
  12 kobolds
  A leopard gecko skeleton (D:3)
  8 rats
90 creatures vanquished.

Notes
Turn   | Place    | Note
-------+----------+-------------------------------------------
     0 | D:1      | inc the Mummy Fire Elementalist began the quest for the Orb.
     0 | D:1      | Reached XP level 1. HP: 13/13 MP: 4/4
    69 | D:1      | Reached skill level 1 in Conjurations
   273 | D:1      | Reached XP level 2. HP: 5/19 MP: 0/5
   700 | D:1      | Reached skill level 2 in Conjurations
  1079 | D:2      | Reached XP level 3. HP: 24/24 MP: 1/7
  1602 | D:2      | Reached skill level 3 in Conjurations
  1763 | D:2      | Reached XP level 4. HP: 30/30 MP: 5/8
  2150 | D:3      | Found a transporter.
  2591 | D:3      | Learned a level 3 spell: Conjure Flame
  2596 | D:3      | Learned a level 4 spell: Sticky Flame
  2783 | D:3      | Found a transporter.
  2828 | D:3      | Reached XP level 5. HP: 24/35 MP: 4/9
  3162 | D:3      | Reached skill level 4 in Conjurations
  3785 | D:4      | Found an opulent altar of Gozag.
  3787 | D:4      | Found a deep blue altar of Sif Muna.
  4169 | D:4      | Got a jewelled long sword
  4172 | D:4      | Identified the +2 long sword of Nitaogav {slice, rF- rN+++ Str+3 Dex+4} (You found it on level 4 of the Dungeon)
  4234 | D:4      | Found a roughly hewn altar of Beogh.
  4253 | D:4      | Killed from afar by an orc priest

Skill      XL: |  1  2  3  4  5 |
---------------+----------------+-----
Conjurations   | 1 2 3 4 |  4.1
Spellcasting   | 3 |  3.7
Fire Magic     | 3 |  3.0
Dodging        | |  1.5
Stealth        | |  1.5

Action                   |  1- 3 |  4- 6 || total
-------------------------+-------+-------++-------
Melee: Dagger            |    13 |    13 ||    26
 Fire: Blowgun           |       |     9 ||     9
 Cast: Flame Tongue      |    62 |   131 ||   193
  Use: Scroll            |       |     6 ||     6
Armor: Robe              |    11 |    18 ||    29
Dodge: Dodged            |    34 |    39 ||    73
